 Dungeon Crawl Stone Soup version 0.31-a0-360-gb3e1d13bf4 (webtiles) character file.

Game seed: 222991467020704125

469 randomguy2701 the Chopper (level 6, -6/56 HPs)
             Began as a Minotaur Fighter on July 27, 2023.
             Mangled by an ogre
             ... wielding a +0 giant spiked club
              (15 damage)
             ... on level 5 of the Dungeon.
             The game lasted 00:03:25 (3541 turns).

randomguy2701 the Chopper (Minotaur Fighter)        Turns: 3541, Time: 00:03:26

Health: -6/56      AC:  7    Str: 21    XL:     6   Next: 82%
Magic:  5/5        EV: 10    Int:  5    God:
Gold:   145        SH:  5    Dex: 11    Spells: 5/5 levels left

rFire   . . .        a - +0 war axe
rCold   . . .        c - +0 buckler
rNeg    . . .        b - +0 scale mail
rPois   .            (helmet restricted)
rElec   .            (no cloak)
rCorr   .            (no gloves)
SInv    .            (no boots)
Will    .....        (no amulet) Stlth
                     (no ring)
HPRegen 0.29/turn    (no ring)
MPRegen 0.09/turn

%: no passive effects
@: no status effects
A: horns 2, retaliatory headbutt
a: no special abilities


You were on level 5 of the Dungeon.
You visited 1 branch of the dungeon, and saw 5 of its levels.

You collected 145 gold pieces.

Inventory:

Hand Weapons
 a - a +0 war axe (weapon)
Armour
 b - a +0 scale mail (worn)
 c - a +0 buckler (worn)
Jewellery
 o - a ring of fire
 y - a ring of ice
Wands
 u - a wand of mindburst (8)
Scrolls
 g - 6 scrolls of identify {unknown}
 h - 2 scrolls of blinking {unknown}
 i - 2 scrolls of enchant armour {unknown}
 n - 7 scrolls of teleportation {unknown}
 p - a scroll of immolation {unknown}
 s - a scroll of torment {unknown}
 v - a scroll of amnesia {unknown}
 w - 2 scrolls of fear {unknown}
 x - a scroll of noise {unknown}
Potions
 d - a potion of might
 e - 2 potions of invisibility {unknown}
 f - a potion of attraction {unknown}
 j - 3 potions of lignification {unknown}
 k - a potion of resistance {unknown}
 l - a potion of mutation {unknown}
 m - 3 potions of curing {unknown}
 q - a potion of berserk rage {unknown}
 r - a potion of degeneration {unknown}
 t - a potion of brilliance {unknown}


   Skills:
 + Level 5.2 Fighting
 + Level 5.6 Axes
 + Level 5.5 Armour
 + Level 1.4 Dodging
 + Level 0.1 Stealth
 + Level 4.8 Shields


You had 5 spell levels left.
You didn't know any spells.
Your spell library contained the following spells:

 Spells                   Type           Power      Damage    Failure   Level
 Apportation              Tloc           0%         N/A       86%         1
 Magic Dart               Conj           0%         1d3       86%         1
 Necrotise                Necr           0%         1d4       86%         1
 Summon Small Mammal      Summ           0%         N/A       86%         1
 Call Imp                 Summ           0%         N/A       94%         2
 Static Discharge         Conj/Air       0%         2-2/arc   94%         2
 Mephitic Cloud           Conj/Pois/Air  0%         N/A       99%         3
 Airstrike                Air            0%         2d(0-16)  100%        4
 Summon Lightning Spire   Summ/Air       0%         N/A       100%        4


Dungeon Overview and Level Annotations

Branches:
Dungeon (5/15)
 Temple: D:4-7

Altars:
Kikubaaqudgha
Trog

Annotations:
D:3 2 transporters, hgbash's ghost, amateur DECj
D:5 1 runed translucent door, Eustachio; HallandMoats's ghost, novice DsFi


Innate Abilities, Weirdness & Mutations

You have a pair of horns on your head.
You reflexively headbutt those who attack you in melee.


Message History

The ogre is severely wounded.
You hit the fungus.
The ogre hits you with a +0 giant spiked club.
You barely miss the ogre.
The ogre is severely wounded.
You hit the fungus.
A nearby fungus withers and dies.
Eustachio gestures wildly while chanting.
The ogre hits you with a +0 giant spiked club!!
* * * LOW HITPOINT WARNING * * *
Unknown command.
You hit the ogre.
The ogre is severely wounded.
You slash the crimson imp!
Eustachio mumbles some strange words.
You block the crimson imp's attack. The ogre barely misses you.
Unknown command.
The ufetubus attacks as you move away! The ufetubus closely misses you.
You furiously retaliate!
You headbutt the ufetubus, but do no damage.
The ufetubus hits you.
* * * LOW HITPOINT WARNING * * *
The ufetubus disappears in a puff of smoke!
The crimson imp hits you but does no damage.
The crimson imp attacks as you move away!
The crimson imp hits you but does no damage.
Eustachio attacks as you move away! Eustachio barely misses you.
The quokka bites the fungus.
The fungus begins to die.
Found 13 gold pieces.
The crimson imp blinks!
Eustachio hits you with a +0 rapier.
* * * LOW HITPOINT WARNING * * *
You closely miss Eustachio. Your headbutt misses Eustachio.
A nearby fungus withers and dies.
Eustachio gestures wildly while chanting.
The quokka bites you but does no damage.
You hit Eustachio but do no damage. You slash the quokka!
You kill the quokka!
The quokka's corpse disappears in a puff of smoke!
Eustachio barely misses you.
The ogre hits you with a +0 giant spiked club!
You die...

####....P...PP.#######.
..........8..P.#........
#.........P....(.#........ #
.##.....$..P..?...'........ .
..##........P....##....!... #
..W+..........).## ........ #
..##....#...b55## ..r..... #
.##.....#...O@#####....$...###
##......#....@................
#......†.####.5....#..$.......
.....#..####......#..........
... #<....#......#.[........ .
#####.#......#..........
.......#...[######
#......#.... #$.#####...


You could see Eustachio, an ogre, 3 crimson imps and a bat (summoned).

Vanquished Creatures
  A black bear (D:4)
  An ogre (D:4)
  2 jellies (D:2)
  Ijyb (D:3)
  8 adders
  4 gnolls (D:4)
  A white imp (D:5)
  2 ufetubi (D:4)
  A worm (D:3)
  2 dart slugs (D:4)
  4 bats (D:1)
  14 endoplasms
  3 giant cockroaches
  5 goblins
  3 hobgoblins
  2 jackals (D:3)
  5 quokkas
  5 ball pythons
  2 frilled lizards
  15 kobolds
  4 rats
85 creatures vanquished.

Notes
Turn   | Place    | Note
-------+----------+-------------------------------------------
     0 | D:1      | randomguy2701 the Minotaur Fighter began the quest for the
                  | Orb.
     0 | D:1      | Reached XP level 1. HP: 19/19 MP: 0/0
   165 | D:1      | Reached XP level 2. HP: 27/27 MP: 1/1
  1014 | D:2      | Reached XP level 3. HP: 32/33 MP: 2/2
  1072 | D:2      | Reached XP level 4. HP: 33/40 MP: 3/3
  1236 | D:2      | Found a faded altar of an unknown god.
  1855 | D:3      | Noticed hgbash's ghost (amateur DECj)
  1856 | D:3      | Found a transporter.
  1928 | D:3      | Noticed Ijyb
  1934 | D:3      | Killed Ijyb
  1935 | D:3      | Reached XP level 5. HP: 39/47 MP: 4/4
  2153 | D:3      | Found a transporter.
  2195 | D:3      | Found a bloodstained altar of Trog.
  2196 | D:3      | Found an ancient bone altar of Kikubaaqudgha.
  2248 | D:4      | Reached skill level 5 in Armour
  2540 | D:4      | Reached skill level 1 in Dodging
  2545 | D:4      | Noticed a black bear
  2552 | D:4      | Killed a black bear
  2553 | D:4      | Reached skill level 5 in Fighting
  2553 | D:4      | Reached skill level 5 in Axes
  2553 | D:4      | Reached XP level 6. HP: 46/56 MP: 5/5
  3304 | D:5      | Entered Level 5 of the Dungeon
  3504 | D:5      | Found a runed translucent door.
  3505 | D:5      | Noticed HallandMoats's ghost (novice DsFi)
  3523 | D:5      | Noticed Eustachio
  3541 | D:5      | Mangled by an ogre

Illustrated notes

Levels and vault maps discovered:
D:1:      minmay_arrival_hallway, layout_basic, serial_corexii_hall,
          corexii_hall_statues_i, chequers_hall_statues_wall_a
D:2:      cheibrodos_fertilizer, layout_loops_ring,
          dreamdust_ecumenical_altar_statues, uniq_crazy_yiuf_cottage
D:3:      layout_rooms, mainiacjoe_overflow_big_doors, gammafunk_ghost_arena,
          minmay_misc_feat_tower, uniq_ijyb
D:4:      layout_layer_cave, chequers_ossuary_entry_cave, minivault_1,
          minmay_tree_intersection
D:5:      layout_basic, hellmonk_ghost_happy_afterlife,
          dreamdust_mushroom_princess, uniq_eustachio

Skill      XL: |  1  2  3  4  5 |
---------------+----------------+-----
Armour         | 4 5 |  5.5
Fighting       | 4 5 |  5.2
Axes           | 3 5 |  5.6
Shields        | 4 |  4.8
Dodging        | 1 |  1.4
Stealth        | |  0.1

Action                     |  1- 3 |  4- 6 || total
---------------------------+-------+-------++-------
  Melee: War axe           |    75 |   129 ||   204
         Headbutt          |     7 |    21 ||    28
 Armour: Scale mail        |    30 |    57 ||    87
  Dodge: Dodged            |    24 |    87 ||   111
  Block: Buckler           |    20 |    41 ||    61

Table legend: (Time is in decaauts)
 A = Elapsed time spent in this place.
 B = Non-inter-level travel time spent in this place.
 C = Inter-level travel time spent in this place.
 D = Time resting spent in this place.
 E = Time spent auto-exploring this place.
 F = Levels seen in this place.
 G = Mean time per level.
                   A        B        C        D        E       F      G
               +--------+--------+--------+--------+--------+-----+--------+
         Total |   3609 |   3365 |    244 |    143 |   2681 |   5 |  721.8 |
       Dungeon |   3609 |   3365 |    244 |    143 |   2681 |   5 |  721.8 |
               +--------+--------+--------+--------+--------+-----+--------+

Top non-repeatable levels by time:
     D:4: 1237 daAuts
     D:2: 968 daAuts
     D:1: 765 daAuts
     D:3: 550 daAuts
     D:5: 89 daAuts
